ABL
ESSENDON KNIGHTS @ NEWCASTLE BOMBERS
08/09/2022
 
TOP OF THE 1ST
Essendon Knights batting - Pitching for Newcastle Bombers : RHP Jason Dymock
Pitching: RHP Jason Dymock
Batting: LHB Geoff Sandow 0-0: Foul Ball, location: 2F
0-1: Ball
1-1: Foul Ball, location: 3SF
1-2: Ball
2-2: Ball
3-2: Base on Balls
Batting: SHB Claud Gard 0-0: Swinging Strike
0-1: Ball
1-1: Ball
2-1: Fly out, F8 (Flyball, 8RD, EV 91.9 MPH)
Batting: LHB Tristan Starling 0-0: Called Strike
0-1: Foul Ball, location: 25F
0-2: Ball
1-2: Ball
2-2: Foul Ball, location: 2F
2-2: 2-RUN HOME RUN (Flyball, 7D, EV 97.5 MPH), Distance : 387 ft
Batting: RHB Chase Binns 0-0: Ball
1-0: Ball
2-0: Ball
3-0: Called Strike
3-1: Foul Ball, location: 2F
3-2: Base on Balls
Batting: LHB Ben Honeyfield 0-0: Ball
1-0: Called Strike
1-1: Foul Ball, location: 2F
1-2: Ball
2-2: SINGLE (Groundball, 5S, EV 70.6 MPH) (infield hit)
Chase Binns to second
Batting: RHB Garrick Grendon 0-0: Foul Ball, location: 2F
0-1: Ball
1-1: Ball
2-1: Foul Ball, location: 9LSF
2-2: Reached on error, E5 (Groundball, 56, EV 111.9 MPH)
Chase Binns to third
Ben Honeyfield to second
Batting: RHB Jefferson Scoley 0-0: Ball
1-0: Swinging Strike
1-1: Ball
2-1: SINGLE (Groundball, 4D, EV 95.0 MPH)
Chase Binns scores
Ben Honeyfield to third
Garrick Grendon to second
Batting: LHB Bruno Hall 0-0: Grounds into fielders choice 6-2 (Groundball, 56, EV 81.3 MPH)
Garrick Grendon to third
Jefferson Scoley to second
Batting: RHB Brad Rogerson 0-0: Ball
1-0: Ball
2-0: Ball
3-0: Called Strike
3-1: Base on Balls
Garrick Grendon scores
Jefferson Scoley to third
Bruno Hall to second
Batting: LHB Geoff Sandow 0-0: Foul Ball, location: 2F
0-1: Foul Ball, location: 7LMF
0-2: Ball
1-2: Fly out, F9 (Line Drive, 9, EV 98.1 MPH)
Top of the 1st over - 4 runs, 3 hits, 1 error, 3 left on base; Essendon 4 - Newcastle 0
BOTTOM OF THE 1ST
Newcastle Bombers batting - Pitching for Essendon Knights : RHP Bruno Hall
Pitching: RHP Bruno Hall
Batting: RHB Jarrad Johnson 0-0: Foul Ball, location: 25F
0-1: Foul Ball, location: 3DF
0-2: Ball
1-2: Ball
2-2: Ball
3-2: Ground out 6-3 (Groundball, 6, EV 110.0 MPH)
Batting: LHB Danny Newham 0-0: Ball
1-0: Ball
2-0: Called Strike
2-1: Ball
3-1: SOLO HOME RUN (Flyball, 89XD, EV 105.0 MPH), Distance : 419 ft
Batting: RHB Bill Lindner 0-0: Ground out 5-3 (Groundball, 56, EV 99.4 MPH)
Batting: RHB Frank Elmar 0-0: Ball
1-0: Ground out 4-3 (Groundball, 4, EV 90.0 MPH)
Bottom of the 1st over - 1 run, 1 hit, 0 errors, 0 left on base; Essendon 4 - Newcastle 1
TOP OF THE 2ND
Essendon Knights batting - Pitching for Newcastle Bombers : RHP Jason Dymock
Batting: SHB Claud Gard 0-0: Ball
1-0: Fly out, F7 (Flyball, 7LS, EV 83.8 MPH)
Batting: LHB Tristan Starling 0-0: Called Strike
0-1: TRIPLE (Flyball, 89XD, EV 103.8 MPH)
Batting: RHB Chase Binns 0-0: Ball
1-0: Fly out, F9 (Flyball, 9S, EV 93.8 MPH)
Batting: LHB Ben Honeyfield 0-0: Called Strike
0-1: Ball
Wild Pitch!
Tristan Starling scores
1-1: Fly out, F8 (Flyball, 8RS, EV 88.8 MPH)
Top of the 2nd over - 1 run, 1 hit, 0 errors, 0 left on base; Essendon 5 - Newcastle 1
BOTTOM OF THE 2ND
Newcastle Bombers batting - Pitching for Essendon Knights : RHP Bruno Hall
Batting: RHB Adrian Stewart 0-0: Ground out 3-1 (Groundball, 34S, EV 93.8 MPH)
Batting: LHB Rafael Pichardo 0-0: Swinging Strike
0-1: Ball
1-1: Ball
2-1: Called Strike
2-2: Foul Ball, location: 25F
2-2: Foul Ball, location: 2F
2-2: Strikes out looking
Batting: SHB Darrin Dalley 0-0: Ball
1-0: Called Strike
1-1: Fly out, F6 (Line Drive, 6MD, EV 72.5 MPH)
Bottom of the 2nd over - 0 runs, 0 hits, 0 errors, 0 left on base; Essendon 5 - Newcastle 1
TOP OF THE 3RD
Essendon Knights batting - Pitching for Newcastle Bombers : RHP Jason Dymock
Pitching: LHP Reagan Weller
Batting: RHB Garrick Grendon 0-0: Ball
1-0: Ball
2-0: Ball
3-0: Called Strike
3-1: Foul Ball, location: 9LDF
3-2: Ground out 3-1 (Groundball, 34S, EV 72.5 MPH)
Batting: RHB Jefferson Scoley 0-0: Ball
1-0: Swinging Strike
1-1: Foul Ball, location: 2F
1-2: Ball
2-2: Foul Ball, location: 9LMF
2-2: Strikes out swinging
Batting: LHB Bruno Hall 0-0: Swinging Strike
0-1: Foul Ball, location: 3FF
0-2: Strikes out looking
Top of the 3rd over - 0 runs, 0 hits, 0 errors, 0 left on base; Essendon 5 - Newcastle 1
BOTTOM OF THE 3RD
Newcastle Bombers batting - Pitching for Essendon Knights : RHP Bruno Hall
Batting: RHB Everett Essex 0-0: Ball
1-0: Called Strike
1-1: Swinging Strike
1-2: Strikes out looking
Batting: LHB Reagan Weller 0-0: Ball
1-0: Ball
2-0: Ground out 4-3 (Groundball, 4, EV 85.6 MPH)
Batting: RHB Jarrad Johnson 0-0: Foul Ball, location: 9LDF
0-1: Foul Ball, location: 2F
0-2: Ground out 6-3 (Groundball, 6, EV 100.0 MPH)
Bottom of the 3rd over - 0 runs, 0 hits, 0 errors, 0 left on base; Essendon 5 - Newcastle 1
TOP OF THE 4TH
Essendon Knights batting - Pitching for Newcastle Bombers : LHP Reagan Weller
Batting: RHB Brad Rogerson 0-0: Called Strike
0-1: Swinging Strike
0-2: Ball
1-2: Strikes out swinging
Batting: LHB Geoff Sandow 0-0: Foul Ball, location: 2F
0-1: Ball
1-1: Foul Ball, location: 9LSF
1-2: Ball
2-2: Strikes out looking
Batting: SHB Claud Gard 0-0: Ball
1-0: Fly out, F9 (Flyball, 9D, EV 107.5 MPH)
Top of the 4th over - 0 runs, 0 hits, 0 errors, 0 left on base; Essendon 5 - Newcastle 1
BOTTOM OF THE 4TH
Newcastle Bombers batting - Pitching for Essendon Knights : RHP Bruno Hall
Batting: LHB Danny Newham 0-0: Ball
1-0: Ball
2-0: Ball
3-0: Called Strike
3-1: Fly out, F6 (Popup, 6M, EV 53.8 MPH)
Batting: RHB Bill Lindner 0-0: Ball
1-0: Ball
2-0: Ball
3-0: Base on Balls
Batting: RHB Frank Elmar 0-0: Ball
Wild Pitch!
Bill Lindner to second
1-0: Foul Ball, location: 2F
1-1: Swinging Strike
1-2: Foul Ball, location: 5FF
1-2: Foul Ball, location: 2F
1-2: Ground out U3 (Groundball, 3, EV 90.0 MPH)
Bill Lindner to third
Batting: RHB Adrian Stewart 0-0: Called Strike
0-1: Foul Ball, location: 9LMF
0-2: DOUBLE (Line Drive, 89XD, EV 107.5 MPH)
Bill Lindner scores
Batting: LHB Rafael Pichardo 0-0: Swinging Strike
0-1: Swinging Strike
0-2: Foul Ball, location: 23F
0-2: Ball
1-2: Strikes out swinging
Bottom of the 4th over - 1 run, 1 hit, 0 errors, 1 left on base; Essendon 5 - Newcastle 2
TOP OF THE 5TH
Essendon Knights batting - Pitching for Newcastle Bombers : LHP Reagan Weller
Batting: LHB Tristan Starling 0-0: Foul Ball, location: 2LF
0-1: Foul Ball, location: 3F
0-2: Foul Ball, location: 5FF
0-2: Foul Ball, location: 25F
0-2: Ball
1-2: Ground out 3-1 (Groundball, 34S, EV 63.8 MPH)
Batting: RHB Chase Binns 0-0: Ball
1-0: Foul Ball, location: 2F
1-1: DOUBLE (Line Drive, 5D, EV 101.3 MPH)
Batting: LHB Ben Honeyfield 0-0: Foul Ball, location: 2F
0-1: Ball
1-1: Fly out, F6 (Popup, P, EV 76.9 MPH)
Batting: RHB Garrick Grendon 0-0: Ball
1-0: Called Strike
1-1: Ground out 6-3 (Groundball, 6S, EV 72.5 MPH)
Top of the 5th over - 0 runs, 1 hit, 0 errors, 1 left on base; Essendon 5 - Newcastle 2
BOTTOM OF THE 5TH
Newcastle Bombers batting - Pitching for Essendon Knights : RHP Bruno Hall
Batting: SHB Darrin Dalley 0-0: DOUBLE (Line Drive, 8LXD, EV 109.4 MPH)
Batting: RHB Everett Essex 0-0: Called Strike
0-1: Ball
1-1: Foul Ball, location: 9LDF
1-2: Foul Ball, location: 5F
1-2: Ball
2-2: Foul Ball, location: 9LDF
2-2: Fly out, F9 (Flyball, 9, EV 86.3 MPH)
Batting: LHB Reagan Weller 0-0: Foul Ball, location: 3DF
0-1: Ball
1-1: Foul Ball, location: 3SF
1-2: Foul Ball, location: 5F
1-2: Foul Ball, location: 7LMF
1-2: Foul Ball, location: 5SF
1-2: Ball
2-2: Strikes out swinging
Batting: RHB Jarrad Johnson 0-0: Ball
1-0: Called Strike
1-1: Swinging Strike
1-2: Strikes out looking
Bottom of the 5th over - 0 runs, 1 hit, 0 errors, 1 left on base; Essendon 5 - Newcastle 2
TOP OF THE 6TH
Essendon Knights batting - Pitching for Newcastle Bombers : LHP Reagan Weller
Batting: RHB Jefferson Scoley 0-0: SINGLE (Line Drive, 4MD, EV 110.0 MPH)
Batting: LHB Bruno Hall 0-0: Sac Bunt to 3S - play at first, batter OUT! 3-4
Jefferson Scoley to second
Batting: RHB Brad Rogerson 0-0: Ball
1-0: Foul Ball, location: 2F
1-1: Called Strike
1-2: Foul Ball, location: 3F
1-2: Ball
2-2: Ground out 6-3 (Groundball, 6MD, EV 96.9 MPH)
Jefferson Scoley to third
Pitching: LHP Denis Kivell
Batting: LHB Geoff Sandow 0-0: Fly out, F7 (Flyball, 7LD, EV 96.3 MPH)
Top of the 6th over - 0 runs, 1 hit, 0 errors, 1 left on base; Essendon 5 - Newcastle 2
BOTTOM OF THE 6TH
Newcastle Bombers batting - Pitching for Essendon Knights : RHP Bruno Hall
Batting: LHB Danny Newham 0-0: Ball
1-0: Called Strike
1-1: Called Strike
1-2: Fly out, F8 (Flyball, 8RD, EV 110.0 MPH)
Batting: RHB Bill Lindner 0-0: Foul Ball, location: 9LMF
0-1: Ball
1-1: Foul Ball, location: 25F
1-2: Ball
2-2: Foul Ball, location: 9LMF
2-2: Strikes out swinging
Batting: RHB Frank Elmar 0-0: Called Strike
0-1: Ball
1-1: Ball
2-1: Foul Ball, location: 2F
2-2: Fly out, F9 (Line Drive, 9, EV 94.4 MPH)
Bottom of the 6th over - 0 runs, 0 hits, 0 errors, 0 left on base; Essendon 5 - Newcastle 2
TOP OF THE 7TH
Essendon Knights batting - Pitching for Newcastle Bombers : LHP Denis Kivell
Batting: SHB Claud Gard 0-0: Ball
1-0: Called Strike
1-1: Ball
2-1: SOLO HOME RUN (Flyball, 78XD, EV 109.4 MPH), Distance : 424 ft
Batting: LHB Tristan Starling 0-0: Called Strike
0-1: Foul Ball, location: 5F
0-2: Strikes out swinging
Batting: RHB Chase Binns 0-0: Ball
1-0: Ball
2-0: Ball
3-0: Called Strike
3-1: Base on Balls
Batting: LHB Ben Honeyfield 0-0: Ball
1-0: Swinging Strike
1-1: Foul Ball, location: 9LDF
1-2: Ball
2-2: Reached on error, E4 (Groundball, 34, EV 101.9 MPH)
Chase Binns to second
Batting: RHB Garrick Grendon 0-0: Called Strike
0-1: Foul Ball, location: 3SF
0-2: Foul Ball, location: 3F
0-2: Ball
1-2: Foul Ball, location: 2F
1-2: Strikes out swinging
Pitching: RHP Bradford Thomson
Batting: RHB Jefferson Scoley 0-0: Ball
1-0: SINGLE (Line Drive, 78S, EV 86.9 MPH)
Chase Binns to third
Ben Honeyfield to second
Runner from 3rd tries for Home, SAFE, throw by CF to home
Batting: LHB Bruno Hall 0-0: Called Strike
0-1: Swinging Strike
0-2: Strikes out swinging
Top of the 7th over - 2 runs, 2 hits, 1 error, 2 left on base; Essendon 7 - Newcastle 2
BOTTOM OF THE 7TH
Newcastle Bombers batting - Pitching for Essendon Knights : RHP Bruno Hall
Batting: RHB Adrian Stewart 0-0: Ball
1-0: Foul Ball, location: 3DF
1-1: Swinging Strike
1-2: Ball
2-2: Ball
3-2: Base on Balls
Pitching: RHP Ziggy Williams
Batting: LHB Rafael Pichardo 0-0: Foul Ball, location: 2F
0-1: Called Strike
0-2: Ball
1-2: Foul Ball, location: 25FF
1-2: Ball
2-2: Fielders Choice at 2nd, 4-6 (Groundball, 4, EV 81.3 MPH)
Batting: SHB Darrin Dalley 0-0: Ball
1-0: Foul Ball, location: 7LMF
1-1: Foul Ball, location: 9LSF
1-2: Strikes out swinging
Batting: RHB Everett Essex 0-0: Foul Ball, location: 2F
0-1: Swinging Strike
0-2: Ball
1-2: Ball
2-2: SINGLE (Flyball, 6D, EV 91.3 MPH)
Rafael Pichardo to second
Pinch Hitting: LHB Darby Wellington 0-0: Ball
1-0: Ball
2-0: Called Strike
2-1: DOUBLE (Line Drive, 9LM, EV 100.0 MPH)
Rafael Pichardo scores
Everett Essex to third
Runner from 3rd tries for Home, SAFE, throw by RF to home
Batting: RHB Jarrad Johnson 0-0: Called Strike
0-1: Foul Ball, location: 5FF
0-2: Ball
1-2: Foul Ball, location: 2F
1-2: Ball
2-2: Foul Ball, location: 2F
2-2: Foul Ball, location: 5F
2-2: Ground out 5-3 (Groundball, 56S, EV 88.8 MPH)
Bottom of the 7th over - 2 runs, 2 hits, 0 errors, 1 left on base; Essendon 7 - Newcastle 4
TOP OF THE 8TH
Essendon Knights batting - Pitching for Newcastle Bombers : RHP Bradford Thomson
Pitching: RHP Matt Bendeich
Batting: RHB Brad Rogerson 0-0: Called Strike
0-1: Swinging Strike
0-2: Ball
1-2: Fly out, F9 (Flyball, 89M, EV 86.3 MPH)
Batting: LHB Geoff Sandow 0-0: Called Strike
0-1: Swinging Strike
0-2: Ball
1-2: Ball
2-2: Strikes out swinging
Batting: SHB Claud Gard 0-0: Called Strike
0-1: Called Strike
0-2: Strikes out looking
Top of the 8th over - 0 runs, 0 hits, 0 errors, 0 left on base; Essendon 7 - Newcastle 4
BOTTOM OF THE 8TH
Newcastle Bombers batting - Pitching for Essendon Knights : RHP Ziggy Williams
Batting: LHB Danny Newham 0-0: Called Strike
0-1: Ball
1-1: Ball
2-1: Foul Ball, location: 2F
2-2: Foul Ball, location: 5SF
2-2: Fly out, F8 (Flyball, 78S, EV 87.5 MPH)
Batting: RHB Bill Lindner 0-0: Ball
1-0: Called Strike
1-1: Foul Ball, location: 9LDF
1-2: Fly out, F8 (Flyball, 8LD, EV 90.0 MPH)
Batting: RHB Frank Elmar 0-0: Called Strike
0-1: Fly out, F8 (Flyball, 8RM, EV 94.4 MPH)
Bottom of the 8th over - 0 runs, 0 hits, 0 errors, 0 left on base; Essendon 7 - Newcastle 4
TOP OF THE 9TH
Essendon Knights batting - Pitching for Newcastle Bombers : RHP Matt Bendeich
Batting: LHB Tristan Starling 0-0: Ball
1-0: Ball
2-0: Swinging Strike
2-1: Foul Ball, location: 7LSF
2-2: SOLO HOME RUN (Flyball, 89XD, EV 98.8 MPH), Distance : 411 ft
Batting: RHB Chase Binns 0-0: Ball
1-0: Swinging Strike
1-1: Foul Ball, location: 9LMF
1-2: Ball
2-2: Strikes out swinging
Batting: LHB Ben Honeyfield 0-0: Ball
1-0: Ball
2-0: Called Strike
2-1: Swinging Strike
2-2: Strikes out swinging
Batting: RHB Garrick Grendon 0-0: Ball
1-0: Foul Ball, location: 3F
1-1: Ball
2-1: Ground out 4-3 (Groundball, 4, EV 81.3 MPH)
Top of the 9th over - 1 run, 1 hit, 0 errors, 0 left on base; Essendon 8 - Newcastle 4
BOTTOM OF THE 9TH
Newcastle Bombers batting - Pitching for Essendon Knights : RHP Ziggy Williams
Batting: RHB Adrian Stewart 0-0: Called Strike
0-1: Foul Ball, location: 3FF
0-2: Foul Ball, location: 3F
0-2: Ball
1-2: Fly out, F9 (Flyball, 89D, EV 95.0 MPH)
Batting: LHB Rafael Pichardo 0-0: Ball
1-0: Called Strike
1-1: SINGLE (Line Drive, 5D, EV 103.1 MPH)
Pitching: RHP Isidoro Bassis
Batting: SHB Darrin Dalley 0-0: Ball
1-0: TRIPLE (Flyball, 89XD, EV 95.0 MPH)
Rafael Pichardo scores
Pitching: RHP Collin Wilday
Batting: RHB Everett Essex 0-0: Ball
1-0: Foul Ball, location: 23FF
1-1: SINGLE (Line Drive, 7LS, EV 93.1 MPH)
Darrin Dalley scores
Pinch Hitting: RHB Newt Dingle 0-0: Foul Ball, location: 2F
0-1: Ball
1-1: Foul Ball, location: 2F
1-2: Ball
2-2: Ball
3-2: Foul Ball, location: 9LDF
3-2: Foul Ball, location: 9LMF
3-2: Base on Balls
Everett Essex to second
Batting: RHB Jarrad Johnson 0-0: Called Strike
0-1: Foul Ball, location: 2F
0-2: Ball
1-2: Ball
2-2: Ball
3-2: Foul Ball, location: 7LDF
3-2: Fly out, F8 (Flyball, 89D, EV 95.0 MPH)
Runner from 2nd tags up, SAFE at 3rd, no throw by CF
Batting: LHB Danny Newham 0-0: Ball
1-0: Called Strike
1-1: Ball
2-1: Foul Ball, location: 2F
2-2: Fly out, F6 (Popup, 15S, EV 84.4 MPH)
Bottom of the 9th over - 2 runs, 3 hits, 0 errors, 2 left on base; Essendon 8 - Newcastle 6
Thursday, May 2nd , 2024 - OOTP Baseball 24.9 Build 80